Map: Neon Violet Square LE

Players

Sadist

  • Race: Terran Terran
  • League: Master
  • Spawn Location: 5:00

iggythefisk

  • Race: Terran Terran
  • Spawn Location: 11:00

PhynixHduO

  • Race: Terran Terran
  • League: Diamond

matathemyra

  • Race: Terran Terran

VOD

Have the link to the VOD?

Description

Time

  • Played on: Nov. 20, 2017, 2:54 p.m.
  • Length: 4:29
Show
View Real Time Build Order
Export as new Build Order

Sadist Terran 

Build Orders: Cyclone Opening 

Get SALT Encoding   

  12  0:00  SCV  
  13  0:12  SCV  
  14  0:18  Supply Depot  
  14  0:24  SCV  
  15  0:30  Refinery  
  15  0:40  SCV  
  16  0:46  Barracks  
  16  0:52  SCV  
  17  1:04  SCV  
  18  1:12  Refinery  
  18  1:16  SCV  
  19  1:33  Orbital Command  
  19  1:34  Reaper  
  20  1:44  Factory  
  20  1:58  Supply Depot  
  20  1:59  SCV  
  21  2:06  Barracks Reactor  
  21  2:11  SCV  
  22  2:23  SCV  
  22  2:27  Cyclone  
  26  2:34  Supply Depot  
  26  2:35  SCV  
  27  2:47  SCV  
  28  2:53  Starport  
  28  2:59  SCV  
  32  3:05  Cyclone  
  32  3:09  Cyclone  
  32  3:11  SCV  
  36  3:15  Barracks Tech Lab  
  36  3:19  Supply Depot  
  36  3:31  SCV  
  37  3:41  Cyclone  
  40  3:48  Cyclone  
  43  3:53  SCV  
  44  4:05  Command Center  
  44  4:08  SCV  
  47  4:27  Supply Depot  
Show
View Real Time Build Order
Export as new Build Order

iggythefisk Terran 

Build Orders: Reaper Expand 

Get SALT Encoding   

  12  0:00  SCV  
  13  0:13  SCV  
  14  0:19  Supply Depot  
  14  0:25  SCV  
  15  0:41  SCV  
  16  0:42  Barracks  
  16  0:53  SCV  
  17  0:57  Refinery  
  17  1:03  Refinery  
  17  1:05  SCV  
  18  1:17  SCV  
  19  1:35  Orbital Command  
  19  1:40  Reaper  
  20  1:58  Command Center  
  20  2:01  SCV  
  21  2:12  Barracks Reactor  
  21  2:22  SCV  
  22  2:24  Supply Depot  
  22  2:27  Factory  
  22  2:34  SCV  
  22  2:50  Marine  
  22  2:51  Marine  
  22  3:01  SCV  
  21  3:08  Marine x2  
  21  3:13  SCV  
  21  3:19  Orbital Command  
  22  3:25  Cyclone  
  22  3:26  Marine x2  
  27  3:33  SCV  
  28  3:41  Starport  
  28  3:44  Orbital Command, Marine x2  
  27  4:02  Marine x2  
  32  4:10  SCV x2  
Show
View Real Time Build Order
Export as new Build Order

PhynixHduO Terran 

Build Orders:  

Get SALT Encoding   

Show
View Real Time Build Order
Export as new Build Order

matathemyra Terran 

Build Orders:  

Get SALT Encoding   

Tags
 
Add a new tag
Caveats
  • Supply blocks, unpowered buildings, or Contaminate may cause inaccurate times.
  • Supply counts are checked every 10 seconds.